Map: Ulrena

Players

MCanning - Winner!

  • Race: Protoss Protoss
  • League: Master

AreS

  • Race: Protoss Protoss
  • League: Diamond

VOD

Have the link to the VOD?

Description

Time

  • Played on: Feb. 5, 2016, 12:13 a.m.
  • Length: 6:49
Show
View Real Time Build Order
Export as new Build Order

MCanning Protoss - Winner!

Build Orders:  

Get SALT Encoding   

  12  0:01  Probe (Chrono Boost)  
  13  0:12  Probe (Chrono Boost)  
  14  0:19  Pylon  
  14  0:22  Probe (Chrono Boost)  
  15  0:37  Probe (Chrono Boost)  
  15  0:39  Gateway  
  16  0:48  Probe (Chrono Boost)  
  17  0:51  Assimilator  
  17  0:58  Probe (Chrono Boost)  
  17  0:59  Assimilator  
  18  1:09  Probe (Chrono Boost)  
  19  1:18  Gateway  
  19  1:19  Probe (Chrono Boost)  
  20  1:30  Probe (Chrono Boost), Cybernetics Core  
  21  1:41  Probe (Chrono Boost)  
  21  1:43  Pylon  
  22  1:51  Probe (Chrono Boost)  
  23  2:02  Probe (Chrono Boost)  
  23  2:06  Stalker  
  23  2:07  Stalker  
  30  2:15  Mothership Core (Chrono Boost)  
  30  2:22  Warp Gate  
  30  2:28  Pylon  
  30  2:46  Probe (Chrono Boost), Stalker (Chrono Boost)  
  30  2:49  Stalker (Chrono Boost)  
  35  3:11  Nexus  
  35  3:16  Sentry (Chrono Boost)  
  35  3:18  Sentry (Chrono Boost)  
  39  3:28  Pylon  
  39  3:40  Probe (Chrono Boost)  
  38  3:50  Probe (Chrono Boost)  
  38  3:52  Robotics Facility  
  39  4:00  Gateway  
  39  4:01  Probe (Chrono Boost)  
  40  4:11  Probe (Chrono Boost)  
  40  4:12  Pylon  
  40  4:13  Pylon  
  40  4:22  Probe (Chrono Boost)  
  41  4:27  Probe (Chrono Boost)  
  42  4:32  Probe (Chrono Boost), Stalker  
  45  4:39  Observer (Chrono Boost)  
  45  4:41  Probe  
  45  4:44  Stalker  
  48  4:59  Immortal (Chrono Boost)  
  48  5:07  Probe  
  53  5:08  Stalker x2  
  53  5:13  Stalker  
  59  5:24  Pylon  
  59  5:30  Immortal  
  59  5:34  Sentry  
  65  5:35  Stalker  
  67  5:46  Stalker  
  69  5:53  Pylon  
  67  5:59  Zealot x2  
  66  6:10  Zealot  
  64  6:22  Sentry  
  70  6:27  Zealot  
  72  6:34  Stalker  
Show
View Real Time Build Order
Export as new Build Order

AreS Protoss 

Build Orders:  

Get SALT Encoding   

  12  0:03  Probe (Chrono Boost)  
  13  0:13  Probe (Chrono Boost)  
  14  0:19  Pylon  
  14  0:24  Probe (Chrono Boost)  
  15  0:38  Probe (Chrono Boost)  
  15  0:39  Gateway  
  16  0:47  Assimilator  
  16  0:48  Probe (Chrono Boost)  
  17  0:53  Assimilator  
  17  0:59  Probe (Chrono Boost)  
  18  1:09  Probe (Chrono Boost)  
  18  1:11  Gateway  
  19  1:20  Probe (Chrono Boost)  
  20  1:29  Cybernetics Core  
  20  1:30  Probe (Chrono Boost)  
  21  1:41  Probe (Chrono Boost)  
  21  1:43  Pylon  
  22  1:51  Probe (Chrono Boost)  
  23  2:06  Stalker x2  
  27  2:12  Mothership Core (Chrono Boost)  
  27  2:15  Warp Gate  
  29  2:23  Pylon  
  29  2:44  Stalker  
  29  2:45  Stalker  
  29  2:50  Probe (Chrono Boost)  
  34  2:59  Pylon  
  34  3:17  Pylon  
  34  3:18  Stalker x2  
  36  3:46  Robotics Facility  
  32  3:48  Gateway  
  32  4:20  Stalker x2  
  32  4:23  Probe (Chrono Boost)  
  37  4:27  Pylon  
  37  4:33  Gateway  
  37  4:35  Immortal (Chrono Boost)  
  41  4:48  Stalker x2  
  45  5:10  Immortal (Chrono Boost)  
  49  5:16  Sentry x2, Adept  
  55  5:22  Pylon  
  55  5:29  Adept  
  57  5:39  Pylon, Adept  
  57  5:42  Sentry x2  
  61  6:00  Adept x2  
  53  6:09  Adept x2  
  47  6:23  Adept x2  
  51  6:29  Adept  
  53  6:33  Adept  
Tags
 
Matchup
PvP
Player
MCanning
Add a new tag
Caveats
  • Supply blocks, unpowered buildings, or Contaminate may cause inaccurate times.
  • Supply counts are checked every 10 seconds.